 Dungeon Crawl Stone Soup version 0.28.0-53-g5a82cb258f (webtiles) character file.

Game seed: 5637226510694113458

2747 raph the Cleaver (level 9, -5/81 HPs)
             Began as a Hill Orc Cinder Acolyte on June 17, 2022.
             Was a Priest of Ignis.
             Slain by a vampire
             ... wielding a staff of conjuration
              (13 damage)
             ... on level 7 of the Dungeon.
             The game lasted 00:12:12 (10403 turns).

raph the Cleaver (Hill Orc Cinder Acolyte)         Turns: 10403, Time: 00:12:13

Health: -5/81      AC:  4    Str: 17    XL:     9   Next: 68%
Magic:  7/14       EV: 12    Int: 21    God:    Ignis [***...]
Gold:   1732       SH:  0    Dex: 10    Spells: 12/15 levels left

rFire   + . .      SeeInvis .   a - +1 hand axe (flame)
rCold   x . .      Faith    .   (no shield)
rNeg    . . .      Spirit   .   h - +1 robe "Kisecso" {rElec rF- Int+7}
rPois   .          Reflect  .   (no helmet)
rElec   +          Harm     .   t - +0 cloak
rCorr   .          Rampage  .   (no gloves)
Will    .....                   (no boots)
Stlth   +.........              (no amulet)
HPRegen 0.23/turn               l - ring of fire
MPRegen 0.14/turn               (no ring)

@: mighty
A: no striking features
a: Renounce Religion, Fiery Armour, Foxfire Swarm, Rising Flame


You were on level 7 of the Dungeon.
You worshipped Ignis.
Ignis was most pleased with you.
You visited 2 branches of the dungeon, and saw 8 of its levels.

You collected 1732 gold pieces.

Inventory:

Hand Weapons
 a - a +1 hand axe of flaming (weapon)
 u - a +3 quarterstaff of chaos
 v - a +0 war axe
Missiles
 g - 11 poisoned darts (quivered)
 i - 5 javelins
Armour
 b - a +1 robe
 h - the +1 robe "Kisecso" (worn) {rElec rF- Int+7}
   (You took it off a kobold on level 2 of the Dungeon)

   Int:       It affects your intelligence (+7).
   rF:        It makes you vulnerable to fire.
   rElec:     It insulates you from electricity.
 t - a +0 cloak (worn)
Jewellery
 l - a ring of fire (left hand)
Wands
 c - a wand of flame (16)
Scrolls
 e - 7 scrolls of teleportation
 f - a scroll of magic mapping
 j - a scroll of fear
 r - a scroll of blinking
Potions
 d - 3 potions of curing
 k - 3 potions of flight
 m - a potion of ambrosia
 n - 2 potions of magic
 o - a potion of resistance {unknown}
 p - a potion of might
 q - a potion of mutation {unknown}
 s - a potion of attraction {unknown}


   Skills:
 + Level 7.9 Fighting
 * Level 11.4 Axes
 + Level 3.6 Dodging
 + Level 3.5 Spellcasting
 + Level 6.1 Fire Magic


You had 12 spell levels left.
You knew the following spells:

 Your Spells              Type           Power      Damage    Failure   Level
a - Scorch                Fire           88%        2d9       1%          2
b - Foxfire               Conj/Fire      96%        2x1d8     3%          1

Your spell library contained the following spells:

 Spells                   Type           Power      Damage    Failure   Level
 Blink                    Tloc           6%         N/A       19%         2
 Static Discharge         Conj/Air       3%         N/A       19%         2
 Gell's Gravitas          Tloc           3%         N/A       36%         3
 Lesser Beckoning         Tloc           3%         N/A       36%         3
 Teleport Other           Tloc           3%         N/A       36%         3
 Manifold Assault         Tloc           3%         N/A       98%         5
 Yara's Violent Unravell  Hex/Tmut       1%         3d3       98%         5
 Storm Form               Tmut/Air       1%         N/A       100%        7


Dungeon Overview and Level Annotations

Branches:
Dungeon (7/15)             Temple (1/1) D:6

Altars:
Ashenzari
Cheibriados
Dithmenos
Elyvilon
Fedhas
Gozag
Hepliaklqana
Kikubaaqudgha
Makhleb
Nemelex Xobeh
Okawaru
Ru
Sif Muna
Trog
Uskayaw
Vehumet
Wu Jian
Yredelemnul
Zin
The Shining One
Beogh
Lugonu

Annotations:
D:3 3 runed translucent doors, NoAnimeNoLife's ghost, amateur DrTm
D:5 3 runed translucent doors, Discosetron's ghost, novice DjEE; diceflayer's ghost, novice NaFi


Message History

You start resting.
HP restored.
You climb downwards.
The vampire mumbles some strange words.
The vampire flickers and vanishes!
Deactivating autopickup; reactivate with Ctrl-A.
There is a stone staircase leading up here.
Casting: Scorch (safe; 1% risk of failure)
Confirm with . or Enter, or press ? or * to list all spells.
You feel a surge of power!
Flames lash something.
Casting: Scorch (safe; 1% risk of failure)
Confirm with . or Enter, or press ? or * to list all spells.
You feel a surge of power!
Flames lash something.
Something hits you! Something bites you!
Something draws strength from your injuries!
Casting: Scorch (safe; 1% risk of failure)
Confirm with . or Enter, or press ? or * to list all spells.
You feel a surge of power!
Flames lash something but do no damage.
Something hits you! Something barely misses you.
You hit something but do no damage. Something hits you but does no damage.
Something bites you!
Something draws strength from your injuries!
You miss something.
Casting: Scorch (safe; 1% risk of failure)
Confirm with . or Enter, or press ? or * to list all spells.
You feel a surge of power!
Flames lash something.
Something barely misses you. Something bites you!
Something draws strength from your injuries!
You barely miss something. Something hits you. Something bites you!
* * * LOW HITPOINT WARNING * * *
Something draws strength from your injuries!
You feel very mighty all of a sudden. Something hits you.
* * * LOW HITPOINT WARNING * * *
Something bites you.
* * * LOW HITPOINT WARNING * * *
Something draws strength from your injuries!
Okay, then.
You hit something but do no damage. Something hits you!
You die...

##.#.####.######....########.....
#...# #.# #.)†..# ##......>
##...# ##.#####..##.# ##........
.....###.....)..V##)# #.......##
.###..##..######..#.# #.......#
..........# ##...# #.......#
...##..##.### ##..# ##.....##
...###.##...######..####......###
...##...........@{........>....##
...#....#..#######....##.......#.
.....##..#.# #..#.##.......#.
.#######.#.# #..#.###......#. ##
#.#.# #..#....#...#... #.#.#
#..####...####.. #.#.# #..#
###......# #.#.#
#####..########..### #.#.#
#.......[..# ####


There were no monsters in sight!

Vanquished Creatures
  Grinder (D:6)
  A vampire mosquito (D:7)
  2 water moccasins
  A sky beast (D:7)
  A hornet zombie (D:7)
  A necrophage (D:7)
  An ice beast (D:7)
  A centaur (D:7)
  3 ogres
  A kobold brigand (D:6)
  A bullfrog (D:6)
  A water moccasin zombie (D:7)
  4 scorpions
  A wyvern skeleton (D:7)
  3 water moccasin skeletons
  A howler monkey (D:7)
  3 electric eels (D:6)
  2 bullfrog zombies
  3 hounds
  Crazy Yiuf (D:6)
  A bullfrog skeleton (D:4)
  A centaur zombie (D:6)
  A gnoll shaman (D:6)
  A centaur skeleton (D:7)
  Jessica (D:3)
  2 iguanas (D:6)
  3 orc wizards
  A hound skeleton (D:5)
  5 gnolls
  2 river rats (D:3)
  11 adders
  An ufetubus (D:7)
  2 worms
  5 dart slugs
  15 orcs
  6 endoplasms
  9 goblins
  10 hobgoblins
  3 quokkas
  4 ball pythons
  7 bats
  3 frilled lizards
  12 kobolds
  6 rats
145 creatures vanquished.

Vanquished Creatures (collateral kills)
  2 foxfires (D:6)
2 creatures vanquished.

Vanquished Creatures (others)
  181 foxfires
  3 fungi (D:6)
  22 plants (D:6)
206 creatures vanquished.

Grand Total: 353 creatures vanquished

Notes
Turn   | Place    | Note
-------+----------+-------------------------------------------
     0 | D:1      | raph the Hill Orc Cinder Acolyte began the quest for the
                  | Orb.
     0 | D:1      | Reached XP level 1. HP: 19/19 MP: 2/2
   147 | D:1      | Found a faded altar of an unknown god.
   150 | D:1      | Reached XP level 2. HP: 24/27 MP: 3/3
   398 | D:1      | Got the Disquisition on Battle Magic and Transmigration
   697 | D:1      | Reached skill level 5 in Axes
   732 | D:1      | Learned a level 2 spell: Scorch
   797 | D:1      | Reached XP level 3. HP: 32/33 MP: 4/4
  1299 | D:2      | Identified the +1 robe "Kisecso" {rElec rF- Int+7}
  1528 | D:2      | Learned a level 1 spell: Foxfire
  1872 | D:2      | Identified a scroll of acquirement
  1872 | D:2      | Acquired 1324 gold pieces
  2037 | D:2      | Reached XP level 4. HP: 39/41 MP: 2/5
  2574 | D:3      | Found a broken altar of Ashenzari.
  2574 | D:3      | Found a blossoming altar of Fedhas.
  2583 | D:3      | Reached skill level 6 in Axes
  2630 | D:3      | Found a snail-covered altar of Cheibriados.
  2747 | D:3      | Found a radiant altar of Vehumet.
  2810 | D:3      | Reached XP level 5. HP: 37/47 MP: 0/6
  2888 | D:3      | Noticed Jessica
  2892 | D:3      | Killed Jessica
  3086 | D:3      | Found a hazy altar of Hepliaklqana.
  3184 | D:3      | Reached skill level 5 in Fighting
  3184 | D:3      | Reached skill level 7 in Axes
  3196 | D:3      | Found a runed translucent gate.
  3197 | D:3      | Found a runed translucent gate.
  3198 | D:3      | Found a runed translucent gate.
  3198 | D:3      | Noticed NoAnimeNoLife's ghost (amateur DrTm)
  3199 | D:3      | Identified the +1 scale mail of Umyefud {Stlth+}
  3233 | D:3      | Found a white marble altar of Elyvilon.
  3559 | D:3      | Found a roughly hewn altar of Beogh.
  3668 | D:4      | Reached XP level 6. HP: 56/56 MP: 2/7
  4023 | D:4      | Found a bloodstained altar of Trog.
  4788 | D:4      | Found a sparkling altar of Nemelex Xobeh.
  4891 | D:4      | Reached skill level 8 in Axes
  4891 | D:4      | Reached skill level 1 in Dodging
  5096 | D:4      | Reached XP level 7. HP: 58/62 MP: 5/9
  5295 | D:5      | Entered Level 5 of the Dungeon
  5363 | D:5      | Found a runed translucent gate.
  5363 | D:5      | Found a hide-covered altar of Uskayaw.
  5368 | D:5      | Found a runed translucent gate.
  5369 | D:5      | Found a runed translucent gate.
  5370 | D:5      | Noticed diceflayer's ghost (novice NaFi)
  5371 | D:5      | Noticed Discosetron's ghost (novice DjEE)
  5511 | D:5      | Found a burning altar of Makhleb.
  5900 | D:5      | Found an ornate altar of the Wu Jian Council.
  6462 | D:6      | Found a staircase to the Ecumenical Temple.
  6594 | Temple   | Entered the Ecumenical Temple
  6716 | D:6      | Reached skill level 9 in Axes
  6716 | D:6      | Reached XP level 8. HP: 60/70 MP: 6/11
  7217 | D:6      | Found a shimmering blue altar of Sif Muna.
  7367 | D:6      | Reached skill level 5 in Fire Magic
  7930 | D:6      | Reached skill level 10 in Axes
  8069 | D:6      | Noticed Grinder
  8080 | D:6      | Killed Grinder
  8081 | D:6      | Reached XP level 9. HP: 61/79 MP: 5/13
  8608 | D:6      | Found a runed translucent door.
  8609 | D:6      | Noticed Crazy Yiuf
  8615 | D:6      | Killed Crazy Yiuf
  9363 | D:7      | Found a sacrificial altar of Ru.
  9411 | D:7      | Reached skill level 11 in Axes
 10403 | D:7      | Slain by a vampire

Illustrated notes

Levels and vault maps discovered:
D:1:      minmay_arrival_hallway, layout_basic,
          chequers_ecumenical_altar_simple_redux
D:2:      layout_basic
D:3:      layout_loops_cross, amcnicky_altar_gilded, elyvilon_altar_4,
          vehumet_altar_wand_db, mainiacjoe_overflow_divided_tiny,
          lemuel_doored_altar, biasface_ghost_orc_armoury, portal_sewer_entry_e,
          uniq_jessica
D:4:      layout_loops_cross, trog_antimagical, mainiacjoe_overflow_24_doors,
          minmay_mini_jars
D:5:      layout_basic, kennysheep_mini_moat, makhleb_heckhound_becter,
          mainiacjoe_overflow_concentric_impassable, gammafunk_ghost_cemetery
D:6:      layout_loops_corners, nicolae_sif_muna_condensation,
          minmay_temple_entry_waves, serial_bayou, serial_bayou_shore_b,
          serial_bayou_pond_a, serial_bayou_crossing, serial_bayou_pond_e,
          serial_bayou_pond_a, minmay_between, uniq_crazy_yiuf_cottage,
          uniq_grinder
D:7:      minmay_the_grid_triangle_9x9_recursive_2
          [minmay_the_grid_triangle_9x9_prize_schism,
          minmay_the_grid_triangle_9x9_flanged_cone,
          minmay_the_grid_triangle_9x9_subtriangle,
          minmay_the_grid_triangle_9x9_thin_v], layout_rooms,
          mainiacjoe_overflow_surrounded_room
Temple:   corrupted_temple

Skill      XL: |  1  2  3  4  5  6  7  8  9 |
---------------+----------------------------+-----
Fighting       | 4 5 6 7 |  7.9
Axes           | 5 6 7 8 9 10 11 | 11.4
Dodging        | 1 2 3 |  3.6
Fire Magic     | 4 5 6 |  6.1
Spellcasting   | 2 3 |  3.5

Action                   |  1- 3 |  4- 6 |  7- 9 || total
-------------------------+-------+-------+-------++-------
Melee: Hand axe          |   115 |    97 |   130 ||   342
       Punch             |       |       |     2 ||     2
 Cast: Scorch            |     2 |    24 |    49 ||    75
       Foxfire           |       |     7 |    82 ||    89
Invok: Fiery Armour      |       |     1 |     2 ||     3
       Foxfire Swarm     |       |     1 |     1 ||     2
  Use: Scroll            |     1 |     6 |     9 ||    16
       Potion            |       |       |     1 ||     1
Armor: Robe              |    43 |    30 |    40 ||   113
Dodge: Dodged            |    95 |    57 |    97 ||   249
